Penguins vs Islanders

Created - 10 mars 2021 at 20:53

Goals
1 2 3 T
Penguins 0 3 0 3
Islanders 2 0 0 2
Shots
1 2 3 T
Penguins 13 12 10 35
Islanders 7 7 10 24

1st period

1. Islanders , Anthony Cirelli 23 (Joe Pavelski 19, Ben Chiarot 14) at 7:12
2. Islanders , Brock Boeser 12 (Nick Holden 10) at 12:18

Penalties :
Tyler Myers (NYI) for Hooking (Minor) at 3:52, Ben Chiarot (NYI) for High sticking (Minor) at 8:13, Timo Meier (NYI) for High sticking (Minor) at 12:24, Joe Pavelski (NYI) for Slashing (Minor) at 16:10

2nd period

3. Penguins , Patrik Laine 8 (Gabriel Landeskog 27, Sean Monahan 20) at 4:48
4. Penguins , Nathan MacKinnon 32 (Filip Hronek 28, Justin Braun 11) at 6:23
5. Penguins , Gabriel Landeskog 24 (Shea Weber 34) at 14:08

Penalties :
No Penalty

3rd period

No Goal

Penalties :
Nick Holden (NYI) for Holding (Minor) at 5:05, Shea Weber (PIT) for Slashing (Minor) at 11:10

Goalie Stats

Connor Hellebuyck (PIT), 22 saves from 24 shots - (0,917), W, 28-26-8, 60:00 minutes
Jacob Markstrom (NYI), 32 saves from 35 shots - (0,914), L, 30-27-6, 59:13 minutes

Players Stats for Penguins

Player Name              G  A  P  +/- PIM S  H  SB GA TA FO     MP     PP MP  PK MP  
------------------------------------------------------------------------------------
Adrian Kempe             0  0  0  -2  0   0  1  0  0  0  2/6    13:41   0:00   0:38 
Alex DeBrincat           0  0  0   1  0   2  1  0  0  0  1/2    21:54   5:52   1:21 
Brent Seabrook           0  0  0   0  0   1  0  1  0  0  0/0    13:15   0:00   0:00 
Cedric Paquette          0  0  0   0  0   1  0  0  0  0  7/8     6:18   0:00   0:00 
Clayton Keller           0  0  0  -2  0   0  0  0  0  0  1/2    12:50   0:00   0:38 
Filip Forsberg           0  0  0   1  0   3  1  0  0  0  1/1    17:58   4:03   0:00 
Filip Hronek             0  1  1   0  0   1  1  0  0  0  0/0    20:06   3:56   0:32 
Gabriel Landeskog        1  1  2   2  0   4  7  0  0  0  0/0    21:33   5:52   0:00 
Joe Thornton             0  0  0  -2  0   1  1  0  0  0  5/11   12:12   0:00   0:00 
Josh Anderson            0  0  0   0  0   1  0  0  0  0  1/1     6:18   0:00   0:00 
Justin Braun             0  1  1   0  0   0  0  2  0  0  0/0    20:49   3:56   1:23 
Marcus Pettersson        0  0  0   0  0   0  1  0  0  0  0/0    14:05   0:00   0:50 
Mark Giordano            0  0  0   1  0   5  1  2  0  0  0/0    26:25   5:59   1:13 
Nathan MacKinnon         1  0  1   1  0   7  1  0  0  0  16/36  25:08   5:52   1:21 
Oskar Lindblom           0  0  0   0  0   0  0  0  0  0  0/0     0:08   0:00   0:00 
Patrik Laine             1  0  1   2  0   6  1  0  0  0  0/1    18:58   4:03   0:00 
Sean Monahan             0  1  1   2  0   2  0  0  0  0  15/21  21:03   4:03   0:00 
Shea Weber               0  1  1   1  2   1  2  1  0  0  0/0    25:19   5:59   0:00 

Players Stats for Islanders

Player Name              G  A  P  +/- PIM S  H  SB GA TA FO     MP     PP MP  PK MP  
------------------------------------------------------------------------------------
Andrei Svechnikov        0  0  0   1  0   0  2  0  0  0  0/0    20:53   1:25   0:00 
Anthony Cirelli          1  0  1   0  0   7  0  1  0  0  12/24  22:18   0:34   5:54 
Anthony DeAngelo         0  0  0   1  0   1  1  0  0  0  0/0    24:01   1:13   4:43 
Ben Chiarot              0  1  1  -1  2   0  2  1  0  0  0/0    12:00   0:00   3:49 
Brad Richardson          0  0  0  -2  0   1  1  0  0  0  9/21   18:30   0:00   5:42 
Brock Boeser             1  0  1   1  0   4  0  0  0  0  0/1    20:53   1:25   0:00 
Colton Sceviour          0  0  0  -2  0   1  0  1  0  0  2/6    15:09   0:00   2:21 
Dennis Cholowski         0  0  0   1  0   0  4  2  0  0  0/0    11:11   0:00   0:37 
Elias Pettersson         0  0  0   1  0   7  1  0  0  0  13/31  20:53   1:25   0:00 
Joe Pavelski             0  1  1   0  2   1  0  0  0  0  2/3    16:29   0:34   2:55 
Jordan Greenway          0  0  0   0  0   0  0  0  0  0  0/0     2:49   0:00   0:00 
Neal Pionk               0  0  0   0  0   0  2  1  0  0  0/0     6:12   0:00   2:58 
Nick Holden              0  1  1   0  2   1  3  1  0  0  0/0    22:54   0:46   0:14 
Nikita Gusev             0  0  0   0  0   0  0  0  0  0  1/1     3:43   0:00   0:09 
Richard Panik            0  0  0  -2  0   1  2  1  0  0  0/0    12:48   0:00   0:00 
Timo Meier               0  0  0   0  2   0  1  0  0  0  1/2    16:23   0:34   2:49 
Travis Dermott           0  0  0  -3  0   0  5  1  0  0  0/0    18:20   0:34   3:18 
Tyler Myers              0  0  0   0  2   0  2  5  0  0  0/0    24:34   1:25   4:11 

3 Stars

1 - Gabriel Landeskog (PIT)
2 - Patrik Laine (PIT)
3 - Nathan MacKinnon (PIT)

Power Play

Penguins - 0 on 5 Attempt(s) - 0,00%
Islanders - 0 on 1 Attempt(s) - 0,00%

Penalty Kill

Penguins - 1 on 1 Attempt(s) - 100,00% - Score 0 goal in Penalty Kill
Islanders - 5 on 5 Attempt(s) - 100,00% - Score 0 goal in Penalty Kill

Team Stat

Penguins - Hits : 18 - Faceoff Wins : 49 - Blocked Shots : 6 - Penalty Minutes : 2
Islanders - Hits : 26 - Faceoff Wins : 40 - Blocked Shots : 14 - Penalty Minutes : 10

Official

Referees : Trevor Hanson and Dan O'Halloran
Linesman : Glen Cooke and Matt MacPherson

Game Notes

Oskar Lindblom is injured at 2:33 of 1st period (Left Hip)
Neal Pionk is injured at 15:36 of 1st period (Strained Left Elbow)
Ben Chiarot is injured at 17:49 of 2nd period (Right Foot)

Finance

Level 1 -- Attendance: 6000 (100,00%) -- Ticket Income 750 000 $
Level 2 -- Attendance: 4380 (87,60%) -- Ticket Income 372 300 $
Level 3 -- Attendance: 2000 (100,00%) -- Ticket Income 150 000 $
Level 4 -- Attendance: 1795 (100,00%) -- Ticket Income 104 110 $
Luxury Box -- Attendance: 911 (91,10%) -- Ticket Income 173 090 $
Game was played at the Barclays Center.
Total Attendance: 15086 (95,51%)
Total Ticket Income: 1 549 500 $
Other Income: 759 255 $
Total Income: 2 308 755 $

% Time on Ice - Penguins

Lines # - Real PCT - Wanted PCT - Time Play
Normal Forward
1 - 29% - 37% - 13:49
2 - 32% - 35% - 14:55
3 - 26% - 20% - 12:12
4 - 13% - 8% - 6:18
Normal Defense
1 - 38% - 40% - 17:43
2 - 33% - 35% - 15:30
3 - 28% - 20% - 13:15
4 - 2% - 5% - 0:46
PP Forward
1 - 59% - 60% - 5:52
2 - 41% - 40% - 4:03
PP Defense
1 - 60% - 60% - 5:59
2 - 40% - 40% - 3:56
PK Forward
1 - 100% - 60% - 1:59
2 - 0% - 40% - 0:00
PK Defense
1 - 73% - 60% - 1:27
2 - 27% - 40% - 0:32
PK3 Forward
1 - 0% - 60%
2 - 0% - 40%
PK3 Defense
1 - 0% - 60%
2 - 0% - 40%
44 Forward
1 - 0% - 60%
2 - 0% - 40%
44 Defense
1 - 0% - 60%
2 - 0% - 40%
Last Minute Offensive  - 0:00
Last Minute Defensive  - 0:52
Total
Forward - 60:00
Defense - 60:00

% Time on Ice - Islanders

Lines # - Real PCT - Wanted PCT - Time Play
Normal Forward
1 - 39% - 40% - 18:28
2 - 28% - 30% - 13:01
3 - 27% - 20% - 12:48
4 - 6% - 10% - 2:49
Normal Defense
1 - 40% - 40% - 18:41
2 - 23% - 30% - 11:03
3 - 17% - 20% - 7:47
4 - 20% - 10% - 9:35
PP Forward
1 - 71% - 60% - 1:25
2 - 29% - 40% - 0:34
PP Defense
1 - 75% - 60% - 1:29
2 - 25% - 40% - 0:30
PK Forward
1 - 63% - 60% - 6:17
2 - 37% - 40% - 3:38
PK Defense
1 - 59% - 60% - 5:54
2 - 41% - 40% - 4:01
PK3 Forward
1 - 0% - 60%
2 - 0% - 40%
PK3 Defense
1 - 0% - 60%
2 - 0% - 40%
44 Forward
1 - 0% - 60%
2 - 0% - 40%
44 Defense
1 - 0% - 60%
2 - 0% - 40%
Last Minute Offensive  - 1:00
Last Minute Defensive  - 0:00
Total
Forward - 60:00
Defense - 60:00

Play-by-Play

1st period


0:01 of 1st period - Elias Pettersson wins face-off versus Nathan MacKinnon in neutral zone.
0:10 of 1st period - Shot by Elias Pettersson.
0:10 of 1st period - Shot Misses the Net.
0:21 of 1st period - Andrei Svechnikov is hit by Shea Weber and loses puck.
0:33 of 1st period - Brock Boeser is hit by Mark Giordano and loses puck.
0:42 of 1st period - Shot by Elias Pettersson.
0:42 of 1st period - Shot Misses the Net.
0:53 of 1st period - Icing by Shea Weber.
0:54 of 1st period - Brad Richardson wins face-off versus Nathan MacKinnon in Penguins zone.
0:55 of 1st period - Shot by Richard Panik.
0:55 of 1st period - Shot Misses the Net.
1:05 of 1st period - Mark Giordano is hit by Brad Richardson and loses puck.
1:39 of 1st period - Shot by Sean Monahan.
1:39 of 1st period - Shot Misses the Net.
1:41 of 1st period - Shot by Filip Hronek.
1:41 of 1st period - Shot Blocked by Nick Holden.
2:25 of 1st period - Icing by Nick Holden.
2:26 of 1st period - Cedric Paquette wins face-off versus Colton Sceviour in Islanders zone.
2:32 of 1st period - Oskar Lindblom is hit by Dennis Cholowski and loses puck.
2:33 of 1st period - Oskar Lindblom from Penguins is injured at 2:33 of 1st period (Left Hip).
2:34 of 1st period - Anthony Cirelli wins face-off versus Nathan MacKinnon in Islanders zone.
2:45 of 1st period - Shot by Anthony Cirelli.
2:45 of 1st period - Shot Misses the Net.
2:48 of 1st period - Icing by Shea Weber.
2:49 of 1st period - Josh Anderson wins face-off versus Elias Pettersson in Penguins zone.
2:55 of 1st period - Shea Weber is hit by Neal Pionk and loses puck.
3:19 of 1st period - Icing by Neal Pionk.
3:20 of 1st period - Elias Pettersson wins face-off versus Sean Monahan in Islanders zone.
3:20 of 1st period - Elias Pettersson is hit by Patrik Laine.
3:37 of 1st period - Gabriel Landeskog is hit by Neal Pionk and loses puck.
3:49 of 1st period - Shot by Filip Hronek.
3:49 of 1st period - Shot Misses the Net.
3:52 of 1st period - Minor Penalty to Tyler Myers for Hooking.
3:53 of 1st period - Anthony Cirelli wins face-off versus Nathan MacKinnon in Islanders zone.
4:09 of 1st period - Shot by Mark Giordano.
4:09 of 1st period - Stopped by Jacob Markstrom without a rebound.
4:10 of 1st period - Filip Forsberg wins face-off versus Colton Sceviour in Islanders zone.
5:18 of 1st period - Icing by Shea Weber.
5:19 of 1st period - Anthony Cirelli wins face-off versus Nathan MacKinnon in Penguins zone.
5:37 of 1st period - Icing by Gabriel Landeskog.
5:38 of 1st period - Nathan MacKinnon wins face-off versus Colton Sceviour in Penguins zone.
6:15 of 1st period - Shot by Cedric Paquette.
6:15 of 1st period - Shot Misses the Net.
6:21 of 1st period - Shot by Sean Monahan.
6:21 of 1st period - Deflect By Cedric Paquette.
6:21 of 1st period - Stopped by Jacob Markstrom with a rebound.
6:23 of 1st period - Shot by Brent Seabrook.
6:23 of 1st period - Shot Blocked by Dennis Cholowski.
6:25 of 1st period - Shot by Brent Seabrook.
6:25 of 1st period - Shot Misses the Net.
6:42 of 1st period - Off-side.
6:43 of 1st period - Anthony Cirelli wins face-off versus Joe Thornton in neutral zone.
6:43 of 1st period - Joe Pavelski is hit by Joe Thornton and loses puck.
6:52 of 1st period - Shot by Anthony Cirelli.
6:52 of 1st period - Shot Misses the Net.
7:03 of 1st period - Clayton Keller is hit by Ben Chiarot and loses puck.
7:12 of 1st period - Shot by Anthony Cirelli.
7:12 of 1st period - Goal by Anthony Cirelli - Penguins : 0 - Islanders : 1.
7:13 of 1st period - Nathan MacKinnon wins face-off versus Brad Richardson in neutral zone.
7:39 of 1st period - Icing by Mark Giordano.
7:40 of 1st period - Nikita Gusev wins face-off versus Nathan MacKinnon in Penguins zone.
7:41 of 1st period - Shot by Anthony Cirelli.
7:41 of 1st period - Shot Blocked by Shea Weber.
7:43 of 1st period - Shot by Nikita Gusev.
7:43 of 1st period - Shot Misses the Net.
7:45 of 1st period - Shot by Ben Chiarot.
7:45 of 1st period - Shot Misses the Net.
7:47 of 1st period - Shot by Anthony Cirelli.
7:47 of 1st period - Stopped by Connor Hellebuyck without a rebound.
7:48 of 1st period - Anthony Cirelli wins face-off versus Sean Monahan in Penguins zone.
8:13 of 1st period - Minor Penalty to Ben Chiarot for High sticking.
8:14 of 1st period - Brad Richardson wins face-off versus Nathan MacKinnon in Islanders zone.
8:54 of 1st period - Shot by Gabriel Landeskog.
8:54 of 1st period - Stopped by Jacob Markstrom with a rebound.
10:03 of 1st period - Shot by Shea Weber.
10:03 of 1st period - Stopped by Jacob Markstrom without a rebound.
10:04 of 1st period - Colton Sceviour wins face-off versus Sean Monahan in Islanders zone.
10:19 of 1st period - Shot by Joe Thornton.
10:19 of 1st period - Stopped by Jacob Markstrom without a rebound.
10:20 of 1st period - Joe Thornton wins face-off versus Elias Pettersson in Islanders zone.
10:20 of 1st period - Joe Thornton is hit by Dennis Cholowski.
10:25 of 1st period - Adrian Kempe is hit by Dennis Cholowski and loses puck.
10:31 of 1st period - Clayton Keller is hit by Nick Holden and loses puck.
10:48 of 1st period - Shot by Brock Boeser.
10:48 of 1st period - Stopped by Connor Hellebuyck without a rebound.
10:49 of 1st period - Nathan MacKinnon wins face-off versus Brad Richardson in Penguins zone.
11:29 of 1st period - Richard Panik is hit by Nathan MacKinnon.
12:05 of 1st period - Shot by Patrik Laine.
12:05 of 1st period - Shot Misses the Net.
12:07 of 1st period - Shot by Mark Giordano.
12:07 of 1st period - Stopped by Jacob Markstrom without a rebound.
12:08 of 1st period - Elias Pettersson wins face-off versus Joe Thornton in Islanders zone.
12:18 of 1st period - Shot by Brock Boeser.
12:18 of 1st period - Goal by Brock Boeser - Penguins : 0 - Islanders : 2.
12:19 of 1st period - Elias Pettersson wins face-off versus Patrik Laine in neutral zone.
12:23 of 1st period - Icing by Mark Giordano.
12:24 of 1st period - Sean Monahan wins face-off versus Timo Meier in Penguins zone.
12:24 of 1st period - Minor Penalty to Timo Meier for High sticking.
12:25 of 1st period - Nathan MacKinnon wins face-off versus Brad Richardson in Islanders zone.
12:25 of 1st period - Shea Weber is hit by Tyler Myers and loses puck.
12:57 of 1st period - Shot by Nathan MacKinnon.
12:57 of 1st period - Stopped by Jacob Markstrom without a rebound.
12:58 of 1st period - Joe Pavelski wins face-off versus Sean Monahan in Islanders zone.
13:17 of 1st period - Off-side.
13:18 of 1st period - Brad Richardson wins face-off versus Nathan MacKinnon in neutral zone.
13:33 of 1st period - Brad Richardson is hit by Gabriel Landeskog and loses puck.
14:20 of 1st period - Shot by Patrik Laine.
14:20 of 1st period - Stopped by Jacob Markstrom with a rebound.
14:30 of 1st period - Shot by Clayton Keller.
14:30 of 1st period - Shot Misses the Net.
14:32 of 1st period - Shot by Clayton Keller.
14:32 of 1st period - Shot Misses the Net.
14:34 of 1st period - Shot by Adrian Kempe.
14:34 of 1st period - Shot Blocked by Dennis Cholowski.
14:39 of 1st period - Icing by Dennis Cholowski.
14:40 of 1st period - Cedric Paquette wins face-off versus Elias Pettersson in Islanders zone.
15:36 of 1st period - Shot by Shea Weber.
15:36 of 1st period - Shot Blocked by Neal Pionk.
15:36 of 1st period - Neal Pionk from Islanders is injured at 15:36 of 1st period (Strained Left Elbow).
15:37 of 1st period - Alex DeBrincat wins face-off versus Anthony Cirelli in Islanders zone.
15:37 of 1st period - Alex DeBrincat is hit by Tyler Myers.
15:39 of 1st period - Shot by Nathan MacKinnon.
15:39 of 1st period - Stopped by Jacob Markstrom without a rebound.
15:40 of 1st period - Timo Meier wins face-off versus Nathan MacKinnon in Islanders zone.
15:49 of 1st period - Shot by Anthony Cirelli.
15:49 of 1st period - Stopped by Connor Hellebuyck without a rebound.
15:50 of 1st period - Anthony Cirelli wins face-off versus Adrian Kempe in Penguins zone.
15:57 of 1st period - Icing by Mark Giordano.
15:58 of 1st period - Anthony Cirelli wins face-off versus Joe Thornton in Penguins zone.
16:06 of 1st period - Shot by Anthony Cirelli.
16:06 of 1st period - Stopped by Connor Hellebuyck without a rebound.
16:07 of 1st period - Sean Monahan wins face-off versus Anthony Cirelli in Penguins zone.
16:07 of 1st period - Sean Monahan is hit by Timo Meier.
16:10 of 1st period - Minor Penalty to Joe Pavelski for Slashing.
16:11 of 1st period - Brad Richardson wins face-off versus Nathan MacKinnon in Islanders zone.
16:11 of 1st period - Anthony Cirelli is hit by Gabriel Landeskog and loses puck.
16:16 of 1st period - Shot by Alex DeBrincat.
16:16 of 1st period - Stopped by Jacob Markstrom without a rebound.
16:17 of 1st period - Brad Richardson wins face-off versus Nathan MacKinnon in Islanders zone.
16:17 of 1st period - Brad Richardson is hit by Gabriel Landeskog.
16:41 of 1st period - Shot by Nathan MacKinnon.
16:41 of 1st period - Shot Blocked by Tyler Myers.
16:59 of 1st period - Shot by Gabriel Landeskog.
16:59 of 1st period - Deflect By Alex DeBrincat.
16:59 of 1st period - Shot Misses the Net.
17:23 of 1st period - Shot by Filip Forsberg.
17:23 of 1st period - Shot Blocked by Colton Sceviour.
17:29 of 1st period - Shot by Filip Hronek.
17:29 of 1st period - Shot Misses the Net.
17:31 of 1st period - Shot by Justin Braun.
17:31 of 1st period - Shot Misses the Net.
17:33 of 1st period - Shot by Sean Monahan.
17:33 of 1st period - Deflect By Patrik Laine.
17:33 of 1st period - Stopped by Jacob Markstrom without a rebound.
17:34 of 1st period - Sean Monahan wins face-off versus Colton Sceviour in Islanders zone.
17:35 of 1st period - Shot by Filip Forsberg.
17:35 of 1st period - Stopped by Jacob Markstrom without a rebound.
17:36 of 1st period - Colton Sceviour wins face-off versus Alex DeBrincat in Islanders zone.
17:36 of 1st period - Colton Sceviour is hit by Gabriel Landeskog.
17:54 of 1st period - Shot by Anthony Cirelli.
17:54 of 1st period - Stopped by Connor Hellebuyck without a rebound.
17:55 of 1st period - Sean Monahan wins face-off versus Brad Richardson in Penguins zone.
18:22 of 1st period - Joe Thornton is hit by Nick Holden and loses puck.
18:46 of 1st period - Clayton Keller is hit by Nick Holden and loses puck.
19:13 of 1st period - Shot by Sean Monahan.
19:13 of 1st period - Stopped by Jacob Markstrom without a rebound.
19:14 of 1st period - Brad Richardson wins face-off versus Nathan MacKinnon in Islanders zone.
19:39 of 1st period - Shot by Colton Sceviour.
19:39 of 1st period - Shot Misses the Net.
Goals for this period are 0 for Penguins vs 2 for Islanders.
Shots for this period are 13 for Penguins vs 7 for Islanders.

2nd period


0:01 of 2nd period - Sean Monahan wins face-off versus Anthony Cirelli in neutral zone.
0:39 of 2nd period - Shot by Patrik Laine.
0:39 of 2nd period - Stopped by Jacob Markstrom without a rebound.
0:40 of 2nd period - Elias Pettersson wins face-off versus Nathan MacKinnon in Islanders zone.
1:17 of 2nd period - Shot by Elias Pettersson.
1:17 of 2nd period - Stopped by Connor Hellebuyck without a rebound.
1:18 of 2nd period - Joe Thornton wins face-off versus Brad Richardson in Penguins zone.
4:11 of 2nd period - Icing by Shea Weber.
4:12 of 2nd period - Cedric Paquette wins face-off versus Brad Richardson in Penguins zone.
4:42 of 2nd period - Patrik Laine is hit by Travis Dermott.
4:48 of 2nd period - Shot by Patrik Laine.
4:48 of 2nd period - Goal by Patrik Laine - Penguins : 1 - Islanders : 2.
4:49 of 2nd period - Elias Pettersson wins face-off versus Nathan MacKinnon in neutral zone.
4:49 of 2nd period - Elias Pettersson is hit by Alex DeBrincat.
4:56 of 2nd period - Off-side.
4:57 of 2nd period - Nathan MacKinnon wins face-off versus Elias Pettersson in neutral zone.
5:01 of 2nd period - Icing by Tyler Myers.
5:02 of 2nd period - Elias Pettersson wins face-off versus Sean Monahan in Islanders zone.
5:28 of 2nd period - Andrei Svechnikov is hit by Gabriel Landeskog and loses puck.
6:09 of 2nd period - Shot by Alex DeBrincat.
6:09 of 2nd period - Shot Blocked by Travis Dermott.
6:13 of 2nd period - Shot by Filip Hronek.
6:13 of 2nd period - Shot Misses the Net.
6:15 of 2nd period - Shot by Nathan MacKinnon.
6:15 of 2nd period - Deflect By Alex DeBrincat.
6:15 of 2nd period - Stopped by Jacob Markstrom with a rebound.
6:17 of 2nd period - Shot by Justin Braun.
6:17 of 2nd period - Shot Blocked by Richard Panik.
6:19 of 2nd period - Shot by Filip Hronek.
6:19 of 2nd period - Shot Misses the Net.
6:21 of 2nd period - Shot by Filip Hronek.
6:21 of 2nd period - Shot Misses the Net.
6:23 of 2nd period - Shot by Nathan MacKinnon.
6:23 of 2nd period - Goal by Nathan MacKinnon - Penguins : 2 - Islanders : 2.
6:24 of 2nd period - Anthony Cirelli wins face-off versus Joe Thornton in neutral zone.
6:31 of 2nd period - Shot by Joe Pavelski.
6:31 of 2nd period - Shot Misses the Net.
6:33 of 2nd period - Shot by Ben Chiarot.
6:33 of 2nd period - Shot Misses the Net.
6:50 of 2nd period - Anthony Cirelli is hit by Marcus Pettersson and loses puck.
7:20 of 2nd period - Shot by Elias Pettersson.
7:20 of 2nd period - Shot Misses the Net.
7:22 of 2nd period - Shot by Brock Boeser.
7:22 of 2nd period - Stopped by Connor Hellebuyck without a rebound.
7:23 of 2nd period - Sean Monahan wins face-off versus Elias Pettersson in Penguins zone.
7:23 of 2nd period - Sean Monahan is hit by Andrei Svechnikov.
7:31 of 2nd period - Shot by Brock Boeser.
7:31 of 2nd period - Shot Misses the Net.
7:36 of 2nd period - Off-side.
7:37 of 2nd period - Nathan MacKinnon wins face-off versus Brad Richardson in neutral zone.
7:55 of 2nd period - Shot by Nathan MacKinnon.
7:55 of 2nd period - Shot Hit the Post.
8:05 of 2nd period - Shot by Nathan MacKinnon.
8:05 of 2nd period - Stopped by Jacob Markstrom without a rebound.
8:06 of 2nd period - Sean Monahan wins face-off versus Elias Pettersson in Islanders zone.
8:07 of 2nd period - Shot by Gabriel Landeskog.
8:07 of 2nd period - Shot Misses the Net.
8:17 of 2nd period - Shot by Elias Pettersson.
8:17 of 2nd period - Stopped by Connor Hellebuyck with a rebound.
8:24 of 2nd period - Elias Pettersson is hit by Shea Weber and loses puck.
11:10 of 2nd period - Shot by Anthony Cirelli.
11:10 of 2nd period - Stopped by Connor Hellebuyck without a rebound.
11:11 of 2nd period - Anthony Cirelli wins face-off versus Nathan MacKinnon in Penguins zone.
11:40 of 2nd period - Shot by Filip Hronek.
11:40 of 2nd period - Stopped by Jacob Markstrom without a rebound.
11:41 of 2nd period - Joe Thornton wins face-off versus Elias Pettersson in Islanders zone.
11:44 of 2nd period - Shot by Adrian Kempe.
11:44 of 2nd period - Shot Misses the Net.
11:47 of 2nd period - Icing by Anthony DeAngelo.
11:48 of 2nd period - Elias Pettersson wins face-off versus Clayton Keller in Islanders zone.
11:48 of 2nd period - Elias Pettersson is hit by Adrian Kempe.
12:08 of 2nd period - Shot by Elias Pettersson.
12:08 of 2nd period - Stopped by Connor Hellebuyck with a rebound.
12:26 of 2nd period - Shot by Joe Thornton.
12:26 of 2nd period - Shot Blocked by Tyler Myers.
13:43 of 2nd period - Joe Pavelski is hit by Gabriel Landeskog and loses puck.
13:53 of 2nd period - Patrik Laine is hit by Ben Chiarot and loses puck.
14:06 of 2nd period - Shot by Gabriel Landeskog.
14:06 of 2nd period - Shot Misses the Net.
14:08 of 2nd period - Shot by Gabriel Landeskog.
14:08 of 2nd period - Goal by Gabriel Landeskog - Penguins : 3 - Islanders : 2.
14:09 of 2nd period - Elias Pettersson wins face-off versus Nathan MacKinnon in neutral zone.
14:19 of 2nd period - Icing by Filip Hronek.
14:20 of 2nd period - Nathan MacKinnon wins face-off versus Elias Pettersson in Penguins zone.
14:20 of 2nd period - Nathan MacKinnon is hit by Andrei Svechnikov.
14:44 of 2nd period - Shot by Filip Forsberg.
14:44 of 2nd period - Shot Misses the Net.
15:12 of 2nd period - Tyler Myers is hit by Gabriel Landeskog and loses puck.
15:38 of 2nd period - Shot by Patrik Laine.
15:38 of 2nd period - Stopped by Jacob Markstrom without a rebound.
15:39 of 2nd period - Cedric Paquette wins face-off versus Joe Pavelski in Islanders zone.
15:49 of 2nd period - Shot by Josh Anderson.
15:49 of 2nd period - Stopped by Jacob Markstrom without a rebound.
15:50 of 2nd period - Anthony Cirelli wins face-off versus Cedric Paquette in Islanders zone.
16:03 of 2nd period - Shot by Anthony DeAngelo.
16:03 of 2nd period - Stopped by Connor Hellebuyck without a rebound.
16:04 of 2nd period - Brad Richardson wins face-off versus Sean Monahan in Penguins zone.
16:40 of 2nd period - Mark Giordano is hit by Richard Panik and loses puck.
17:11 of 2nd period - Shot by Alex DeBrincat.
17:11 of 2nd period - Shot Misses the Net.
17:13 of 2nd period - Shot by Nathan MacKinnon.
17:13 of 2nd period - Stopped by Jacob Markstrom without a rebound.
17:14 of 2nd period - Joe Thornton wins face-off versus Anthony Cirelli in Islanders zone.
17:20 of 2nd period - Icing by Dennis Cholowski.
17:21 of 2nd period - Anthony Cirelli wins face-off versus Nathan MacKinnon in Islanders zone.
17:29 of 2nd period - Off-side.
17:30 of 2nd period - Nathan MacKinnon wins face-off versus Elias Pettersson in neutral zone.
17:49 of 2nd period - Shot by Nathan MacKinnon.
17:49 of 2nd period - Shot Blocked by Ben Chiarot.
17:49 of 2nd period - Ben Chiarot from Islanders is injured at 17:49 of 2nd period (Right Foot).
17:50 of 2nd period - Sean Monahan wins face-off versus Anthony Cirelli in Islanders zone.
18:07 of 2nd period - Shot by Gabriel Landeskog.
18:07 of 2nd period - Stopped by Jacob Markstrom without a rebound.
18:08 of 2nd period - Nathan MacKinnon wins face-off versus Elias Pettersson in Islanders zone.
18:08 of 2nd period - Alex DeBrincat is hit by Anthony DeAngelo and loses puck.
18:15 of 2nd period - Shot by Brock Boeser.
18:15 of 2nd period - Stopped by Connor Hellebuyck without a rebound.
18:16 of 2nd period - Sean Monahan wins face-off versus Elias Pettersson in Penguins zone.
18:20 of 2nd period - Off-side.
18:21 of 2nd period - Nathan MacKinnon wins face-off versus Elias Pettersson in neutral zone.
19:27 of 2nd period - Shot by Patrik Laine.
19:27 of 2nd period - Stopped by Jacob Markstrom without a rebound.
19:28 of 2nd period - Brad Richardson wins face-off versus Joe Thornton in Islanders zone.
Goals for this period are 3 for Penguins vs 0 for Islanders.
Shots for this period are 12 for Penguins vs 7 for Islanders.

3rd period


0:01 of 3rd period - Sean Monahan wins face-off versus Anthony Cirelli in neutral zone.
1:07 of 3rd period - Shot by Brock Boeser.
1:07 of 3rd period - Shot Blocked by Justin Braun.
1:29 of 3rd period - Shot by Filip Forsberg.
1:29 of 3rd period - Stopped by Jacob Markstrom without a rebound.
1:30 of 3rd period - Joe Thornton wins face-off versus Brad Richardson in Islanders zone.
2:49 of 3rd period - Shot by Nathan MacKinnon.
2:49 of 3rd period - Shot Blocked by Tyler Myers.
2:51 of 3rd period - Shot by Nathan MacKinnon.
2:51 of 3rd period - Shot Misses the Net.
3:13 of 3rd period - Shot by Andrei Svechnikov.
3:13 of 3rd period - Shot Blocked by Mark Giordano.
3:44 of 3rd period - Shot by Andrei Svechnikov.
3:44 of 3rd period - Shot Blocked by Justin Braun.
3:51 of 3rd period - Icing by Justin Braun.
3:52 of 3rd period - Sean Monahan wins face-off versus Anthony Cirelli in Penguins zone.
4:42 of 3rd period - Shot by Richard Panik.
4:42 of 3rd period - Shot Blocked by Brent Seabrook.
4:44 of 3rd period - Shot by Brad Richardson.
4:44 of 3rd period - Shot Misses the Net.
4:46 of 3rd period - Shot by Richard Panik.
4:46 of 3rd period - Stopped by Connor Hellebuyck without a rebound.
4:47 of 3rd period - Elias Pettersson wins face-off versus Adrian Kempe in Penguins zone.
4:58 of 3rd period - Shot by Brock Boeser.
4:58 of 3rd period - Shot Misses the Net.
5:05 of 3rd period - Minor Penalty to Nick Holden for Holding.
5:06 of 3rd period - Nathan MacKinnon wins face-off versus Brad Richardson in Islanders zone.
5:09 of 3rd period - Shot by Mark Giordano.
5:09 of 3rd period - Shot Misses the Net.
5:13 of 3rd period - Shot by Nathan MacKinnon.
5:13 of 3rd period - Shot Blocked by Tyler Myers.
5:15 of 3rd period - Shot by Mark Giordano.
5:15 of 3rd period - Shot Blocked by Anthony Cirelli.
5:17 of 3rd period - Shot by Mark Giordano.
5:17 of 3rd period - Stopped by Jacob Markstrom without a rebound.
5:18 of 3rd period - Sean Monahan wins face-off versus Brad Richardson in Islanders zone.
5:58 of 3rd period - Patrik Laine is hit by Travis Dermott and loses puck.
6:11 of 3rd period - Dennis Cholowski is hit by Filip Forsberg and loses puck.
6:36 of 3rd period - Shot by Mark Giordano.
6:36 of 3rd period - Stopped by Jacob Markstrom without a rebound.
6:37 of 3rd period - Nathan MacKinnon wins face-off versus Brad Richardson in Islanders zone.
6:44 of 3rd period - Shot by Nathan MacKinnon.
6:44 of 3rd period - Shot Blocked by Tyler Myers.
6:46 of 3rd period - Shot by Mark Giordano.
6:46 of 3rd period - Stopped by Jacob Markstrom without a rebound.
6:47 of 3rd period - Joe Pavelski wins face-off versus Nathan MacKinnon in Islanders zone.
7:16 of 3rd period - Shot by Elias Pettersson.
7:16 of 3rd period - Stopped by Connor Hellebuyck without a rebound.
7:17 of 3rd period - Cedric Paquette wins face-off versus Elias Pettersson in Penguins zone.
7:26 of 3rd period - Cedric Paquette is hit by Elias Pettersson and loses puck.
8:05 of 3rd period - Shot by Patrik Laine.
8:05 of 3rd period - Deflect By Gabriel Landeskog.
8:05 of 3rd period - Shot Misses the Net.
8:16 of 3rd period - Icing by Brock Boeser.
8:17 of 3rd period - Elias Pettersson wins face-off versus Joe Thornton in Islanders zone.
8:21 of 3rd period - Off-side.
8:22 of 3rd period - Sean Monahan wins face-off versus Anthony Cirelli in neutral zone.
8:31 of 3rd period - Shot by Jordan Greenway.
8:31 of 3rd period - Shot Misses the Net.
8:33 of 3rd period - Shot by Anthony Cirelli.
8:33 of 3rd period - Shot Misses the Net.
9:29 of 3rd period - Shot by Colton Sceviour.
9:29 of 3rd period - Stopped by Connor Hellebuyck with a rebound.
9:31 of 3rd period - Shot by Nick Holden.
9:31 of 3rd period - Stopped by Connor Hellebuyck without a rebound.
9:32 of 3rd period - Brad Richardson wins face-off versus Adrian Kempe in Penguins zone.
10:11 of 3rd period - Shot by Joe Thornton.
10:11 of 3rd period - Shot Misses the Net.
10:17 of 3rd period - Joe Thornton is hit by Richard Panik and loses puck.
10:49 of 3rd period - Icing by Andrei Svechnikov.
10:50 of 3rd period - Nathan MacKinnon wins face-off versus Elias Pettersson in Islanders zone.
10:53 of 3rd period - Shot by Filip Forsberg.
10:53 of 3rd period - Stopped by Jacob Markstrom without a rebound.
10:54 of 3rd period - Anthony Cirelli wins face-off versus Nathan MacKinnon in Islanders zone.
11:10 of 3rd period - Minor Penalty to Shea Weber for Slashing.
11:11 of 3rd period - Elias Pettersson wins face-off versus Nathan MacKinnon in Penguins zone.
11:18 of 3rd period - Shot by Brock Boeser.
11:18 of 3rd period - Shot Misses the Net.
12:01 of 3rd period - Icing by Anthony Cirelli.
12:02 of 3rd period - Adrian Kempe wins face-off versus Anthony Cirelli in Islanders zone.
12:02 of 3rd period - Adrian Kempe is hit by Travis Dermott.
12:22 of 3rd period - Shot by Joe Pavelski.
12:22 of 3rd period - Stopped by Connor Hellebuyck without a rebound.
12:23 of 3rd period - Nathan MacKinnon wins face-off versus Elias Pettersson in Penguins zone.
12:45 of 3rd period - Shot by Nathan MacKinnon.
12:45 of 3rd period - Shot Misses the Net.
12:47 of 3rd period - Shot by Mark Giordano.
12:47 of 3rd period - Shot Misses the Net.
13:17 of 3rd period - Shot by Brad Richardson.
13:17 of 3rd period - Stopped by Connor Hellebuyck without a rebound.
13:18 of 3rd period - Sean Monahan wins face-off versus Anthony Cirelli in Penguins zone.
13:40 of 3rd period - Shot by Gabriel Landeskog.
13:40 of 3rd period - Stopped by Jacob Markstrom with a rebound.
13:43 of 3rd period - Icing by Nick Holden.
13:44 of 3rd period - Adrian Kempe wins face-off versus Anthony Cirelli in Islanders zone.
13:53 of 3rd period - Shot by Anthony Cirelli.
13:53 of 3rd period - Deflect By Joe Pavelski.
13:53 of 3rd period - Shot Misses the Net.
13:57 of 3rd period - Shot by Anthony Cirelli.
13:57 of 3rd period - Stopped by Connor Hellebuyck without a rebound.
13:58 of 3rd period - Cedric Paquette wins face-off versus Brad Richardson in Penguins zone.
14:20 of 3rd period - Richard Panik is hit by Filip Hronek and loses puck.
15:01 of 3rd period - Shot by Gabriel Landeskog.
15:01 of 3rd period - Shot Misses the Net.
15:13 of 3rd period - Shot by Sean Monahan.
15:13 of 3rd period - Stopped by Jacob Markstrom with a rebound.
15:18 of 3rd period - Icing by Elias Pettersson.
15:19 of 3rd period - Elias Pettersson wins face-off versus Adrian Kempe in Islanders zone.
15:43 of 3rd period - Adrian Kempe is hit by Dennis Cholowski and loses puck.
17:04 of 3rd period - Nathan MacKinnon is hit by Travis Dermott and loses puck.
17:15 of 3rd period - Shot by Nathan MacKinnon.
17:15 of 3rd period - Stopped by Jacob Markstrom without a rebound.
17:16 of 3rd period - Cedric Paquette wins face-off versus Elias Pettersson in Islanders zone.
17:19 of 3rd period - Shot by Nathan MacKinnon.
17:19 of 3rd period - Stopped by Jacob Markstrom without a rebound.
17:20 of 3rd period - Clayton Keller wins face-off versus Brock Boeser in Islanders zone.
17:27 of 3rd period - Shot by Brent Seabrook.
17:27 of 3rd period - Stopped by Jacob Markstrom without a rebound.
17:28 of 3rd period - Nathan MacKinnon wins face-off versus Elias Pettersson in Islanders zone.
17:37 of 3rd period - Shot by Andrei Svechnikov.
17:37 of 3rd period - Deflect By Elias Pettersson.
17:37 of 3rd period - Stopped by Connor Hellebuyck with a rebound.
17:43 of 3rd period - Shot by Elias Pettersson.
17:43 of 3rd period - Shot Blocked by Mark Giordano.
17:45 of 3rd period - Shot by Elias Pettersson.
17:45 of 3rd period - Stopped by Connor Hellebuyck with a rebound.
18:12 of 3rd period - Off-side.
18:13 of 3rd period - Sean Monahan wins face-off versus Anthony Cirelli in neutral zone.
19:13 of 3rd period - Islanders, Jacob Markstrom is pulled from the net.
19:13 of 3rd period - Shot by Andrei Svechnikov.
19:13 of 3rd period - Deflect By Elias Pettersson.
19:13 of 3rd period - Stopped by Connor Hellebuyck without a rebound.
19:14 of 3rd period - Nathan MacKinnon wins face-off versus Elias Pettersson in Penguins zone.
19:22 of 3rd period - Nathan MacKinnon is hit by Travis Dermott.
Goals for this period are 0 for Penguins vs 0 for Islanders.
Shots for this period are 10 for Penguins vs 10 for Islanders.